Cogmind - Beta 14 @@@ ROGUE MODE // 2024.08.25 @ 14:18:50 Player: ktur Result: Destroyed by CD-LDL(g) with Salvaging Laser Performance ------------- Evolutions (2) 1000 Regions Visited (7) 1400 Robots Destroyed (107) 535 Value Destroyed (3398) 3398 Prototype IDs (21) 420 Alien Tech Used (0) 0 Bonus (1342) 1342 TOTAL SCORE: 8095 Bonus ------- High Alert Combat Kills 68 Follower Combat Kills 974 Registered with UFD 300 Cogmind --------- Core Integrity 0/550 Matter 170/300 Energy 99/100 System Corruption 1% Temperature Cool (6) Movement Core (50) Location -8/Scraptown Parts ------- > --- POWER (1) -------- (None) > --- PROPULSION (3) --- Aluminum Leg > --- UTILITY (4) ------ (None) > --- WEAPON (3) ------- Axe > --- INVENTORY (5) ---- Gauss Cannon Subdweller Shrapnel Launcher Peak State ------------ > --- POWER ------------ Cooled Ion Engine > --- PROPULSION ------- Tri-treads > --- UTILITY ---------- Cooling System Huge Storage Unit Advanced Visual Processing Unit Medium Armor Plating > --- WEAPON ----------- Siege Cannon > --- INVENTORY -------- Cooled Ion Engine Light Treads Light Treads Advanced Treads Experimental Sensor Array Improved Utility Shielding Improved Weapon Shielding Improved Weapon Shielding Improved Light Armor Plating Improved Hardlight Generator Shield Generator Heavy Laser Improved EM Pulse Cannon Enhanced Autogun Improved Heavy Machine Gun Gauss Cannon Mini Grenade Launcher Subdweller Shrapnel Launcher Improved Grenade Launcher Missile Launcher CPS Tube CPS Tube CPS Tube Multitool Axe [Rating: 55] Favorites ----------- Power Cooled Ion Engine Engine Cooled Ion Engine Power Core Light Nuclear Core Propulsion Light Treads Treads Light Treads Leg Aluminum Leg Wheel Subdweller Monowheel Hover Unit Aerolev Unit Flight Unit Improved Flight Unit Utility Huge Storage Unit Device Cooling System Storage Huge Storage Unit Processor Advanced Visual Processing Unit Hackware Hacking Suite Protection Medium Armor Plating Weapon Heavy Particle Gun Energy Gun Heavy Particle Gun Energy Cannon Advanced Beam Cannon Ballistic Gun Assault Rifle Ballistic Cannon Siege Cannon Launcher Advanced EMP Blaster Special Weapon CPS Tube Slashing Weapon Axe Build | -11 -10 -10 -10 -8 -8 -8 -8 ------- Run | Yrd Mat Min Sub Mat Sto Rec Scr Slots Evolved 4 | . . . . 4 . . . Power . | . . . . . . . . Propulsion 1 | . . . . 1 . . . Utility 2 | . . . . 2 . . . Weapon 1 | . . . . 1 . . . Parts Attached 118 | 7 6 2 10 22 42 4 25 Power 8 | 1 . . 2 3 1 . 1 Engine 6 | 1 . . 2 1 1 . 1 Core 2 | . . . . 2 . . . Reactor . | . . . . . . . . Propulsion 31 | 2 . . 2 6 12 . 9 Treads 24 | 2 . . 1 4 10 . 7 Leg 2 | . . . . . . . 2 Wheel 2 | . . . 1 1 . . . Hover 1 | . . . . . 1 . . Flight 2 | . . . . 1 1 . . Utility 28 | 2 . 2 3 5 9 3 4 Device 14 | 1 . 2 3 1 3 2 2 Storage 4 | 1 . . . 2 1 . . Processor 1 | . . . . . . . 1 Hackware 1 | . . . . 1 . . . Protection 8 | . . . . 1 5 1 1 Artifact . | . . . . . . . . Weapon 51 | 2 6 . 3 8 20 1 11 Energy Gun 22 | 2 2 . 1 5 5 . 7 Energy Cannon 1 | . . . . . 1 . . Ballistic Gun 19 | . 2 . 2 3 10 1 1 Ballistic Cannon 1 | . . . . . . . 1 Launcher 1 | . . . . . 1 . . Special Weapon 5 | . 2 . . . 2 . 1 Impact Weapon . | . . . . . . . . Slashing Weapon 2 | . . . . . 1 . 1 Piercing Weapon . | . . . . . . . . Special Melee Weapon . | . . . . . . . . Unidentified Prototypes 15 | . . 1 . 4 9 . 1 Parts Lost 17 | . . . 5 3 1 . 8 Power 4 | . . . 2 1 . . 1 Propulsion 5 | . . . 2 . . . 3 Utility 6 | . . . 1 1 1 . 3 Weapon 2 | . . . . 1 . . 1 Highest Loss Streak 6 | . . . 3 1 1 . 6 To Critical Strikes 1 | . . . . . . . 1 Average Slot Usage (%) 97 | . 100 99 99 85 99 100 95 Engine 9 | . 14 14 13 3 9 9 8 Treads 26 | . 28 28 26 20 26 27 26 Device 11 | . 14 13 14 10 9 11 11 Storage 9 | . 14 14 14 9 9 9 8 Processor 2 | . . . . . . . 4 Hackware 1 | . . . . 4 5 . . Protection 8 | . . . . 2 11 15 8 Energy Gun 14 | . 21 . 11 7 9 9 20 Ballistic Gun 9 | . 2 28 16 18 17 18 1 Special Weapon 1 | . 3 . . . . . 3 Peak Build Rating 55 | 7 8 16 14 28 38 36 55 Average Rating 27 | 5 7 8 9 21 32 34 34 On Entrance 16 | . 7 8 8 13 28 36 32 Naked Turns 1 | . . . . . . . 1 Heaviest Build 119 | 15 15 15 20 38 110 111 119 Greatest Support 62 | 40 40 40 40 62 62 60 62 Greatest Overweight (x) 2 | . . . . 1 1 1 2 Average Overweight (x) . | . . . . . . 1 . Largest Inventory Capacity 25 | 8 8 8 8 10 25 25 25 Average Capacity 19 | 7 8 8 8 8 19 25 24 Most Carried 25 | 5 8 8 8 10 25 25 25 Average Carried 18 | 3 6 8 7 8 17 24 23 Final Capacity 25 | 8 8 8 8 10 25 25 5 Final Carried 25 | 4 8 8 8 10 25 25 2 Class Distribution -------------------- 54% | Commander-Tank 21% | Mutant 9% | Scavenger-Tank 6% | Tank 4% | Scavenger-Gunner Dominant Class ---------------- Mutant | -10/Materials Mutant | -10/Mines Mutant | -10/Subcaves Scavenger-Gunner | -8/Materials Scavenger-Tank | -8/Storage Commander-Tank | -8/Recycling Commander-Tank | -8/Scraptown Resources | -11 -10 -10 -10 -8 -8 -8 -8 ----------- Run | Yrd Mat Min Sub Mat Sto Rec Scr Matter Collected 3149 | 260 30 74 210 601 997 17 960 Remotely . | . . . . . . . . Salvage Created 4415 | 216 64 55 330 939 1678 99 1034 Parts 247 | 17 5 5 16 53 103 4 44 Haulers Intercepted 8 | . 1 . . 2 5 . . Recyclers Shooed 1 | . . . . . 1 . . Parts Field Recycled . | . . . . . . . . Retrieved Matter . | . . . . . . . . Parts Self-Destructed . | . . . . . . . . Prevented . | . . . . . . . . Kills | -11 -10 -10 -10 -8 -8 -8 -8 ------- Run | Yrd Mat Min Sub Mat Sto Rec Scr Combat Hostiles Destroyed 74 | . 3 3 8 12 25 1 22 Melee 1 | . . . . . 1 . . Guns 53 | . 3 3 8 12 24 1 2 Cannons 20 | . . . . . . . 20 Classes Destroyed 21 | 3 2 . 1 5 2 . 8 Worker 7 | 1 . 1 . 2 3 . . Builder 3 | . . . . . 3 . . Tunneler 5 | 5 . . . . . . . Hauler 8 | . 1 . . 2 5 . . Recycler 5 | 1 . . . 2 1 1 . Operator 2 | . . . . 1 1 . . Watcher 3 | . . . . 1 2 . . Swarmer 6 | . 3 3 . . . . . Grunt 20 | . . . . 7 12 1 . Brawler 2 | . . . . . 1 . 1 Sentry 14 | . . . . 3 11 . . Hunter 3 | . . . . 2 1 . . Subdweller 8 | . . . 8 . . . . Bolteater 2 | . . . . . . . 2 Federalist 1 | . . . . . . . 1 Explorer 1 | . . . . . . . 1 Ranger 2 | . . . . . . . 2 Guru 1 | . . . . . . . 1 Scrapper 7 | . . . . . . . 7 Elite 6 | . . . . . . . 6 Mutant 1 | . . . . . . . 1 Best Kill Streak 10 | 2 3 4 1 7 6 1 10 Combat Bots Only 10 | . 3 3 1 5 4 1 10 Max Kills in Single Turn 2 | 1 1 1 1 1 2 1 1 Gunslinging . | . . . . . . . . Exploded . | . . . . . . . . Melee 1 | . . . . . 1 . . Uniques/NPCs Destroyed 1 | . . . . . . . 1 Triborg (-8/Scraptown) Combat | -11 -10 -10 -10 -8 -8 -8 -8 -------- Run | Yrd Mat Min Sub Mat Sto Rec Scr Hostile Shots Fired 585 | . 11 18 52 71 115 . 318 Missed 179 | . 1 2 19 22 36 . 99 Damage Taken 5620 | . 83 122 699 759 1208 . 2749 Core 737 | . 17 15 149 90 27 . 439 Absorbed by Shields . | . . . . . . . . Reduced by Siege Mode 295 | . . . . . . . 295 Regen/Repaired (Parts) 73 | . . . . . 73 . . Core Remaining (%) 63 | 100 . . 27 . . . . Volleys Fired 308 | 30 15 8 38 65 86 1 65 Largest 3 | 2 2 2 2 3 3 3 3 Hottest 185 | 100 100 40 90 110 103 93 185 Shots Fired 697 | 60 22 16 76 190 258 3 72 Gun 628 | 60 14 16 76 190 258 3 11 Cannon 60 | . . . . . . . 60 Launcher . | . . . . . . . . Special 9 | . 8 . . . . . 1 Kinetic 426 | . . 16 43 130 172 2 63 Thermal 265 | 60 22 . 33 55 86 1 8 Explosive . | . . . . . . . . Electromagnetic 5 | . . . . 5 . . . Robot Hit Streak 22 | 6 5 2 18 12 16 3 22 Robot Miss Streak 6 | 5 1 6 2 6 3 . 3 Penetration Max 2 | . . . . . . . 2 Secondary Targets 2 | . . . . 1 . . 1 Max Gunslinging Chain 1 | . . . . 1 . . 1 Shots Hit Robots 443 | 30 10 5 61 118 166 1 52 Core Hits 156 | 7 5 4 15 37 65 1 22 Critical Kills 1 | . . . . 1 . . . Critical Parts Destroyed 1 | . . . . 1 . . . Critical Strikes 22 | 3 4 . 1 4 2 1 7 Burn 14 | 3 4 . . 2 2 1 2 Destroy 3 | . . . 1 2 . . . Blast 5 | . . . . . . . 5 Melee Attacks 8 | . . . . . 1 . 7 Impact . | . . . . . . . . Slashing 8 | . . . . . 1 . 7 Piercing . | . . . . . . . . Sneak Attacks . | . . . . . . . . Combat Hostiles . | . . . . . . . . Follow-up Attacks . | . . . . . . . . Damage Inflicted 11166 | 368 141 78 1105 1952 3195 33 4294 Guns 6779 | 366 135 77 1105 1911 3021 16 148 Cannons 4146 | . . . . . . . 4146 Explosions . | . . . . . . . . Melee . | . . . . . . . . Ramming 241 | 2 6 1 . 41 174 17 . Kinetic 7792 | . . 77 524 1143 1876 . 4172 Thermal 3080 | 366 135 . 581 715 1145 16 122 Explosive . | . . . . . . . . Electromagnetic 53 | . . . . 53 . . . Impact . | . . . . . . . . Slashing . | . . . . . . . . Piercing . | . . . . . . . . Highest Corruption 1 | . . . . . . . 1 Average Corruption 1 | . . . . . . . 1 Corruption Purged . | . . . . . . . . Corruption Blocked . | . . . . . . . . Effects 1 | . . . . . . . 1 Matter Fused 1 | . . . . . . . 1 Overload Shots . | . . . . . . . . Overflow Damage 514 | . . . . . . . 514 Projectiles 514 | . . . . . . . 514 Explosions . | . . . . . . . . Melee . | . . . . . . . . Knockbacks 8 | . . . . . 2 . 6 Impact 2 | . . . . . 2 . . Kinetic 6 | . . . . . . . 6 Secondary . | . . . . . . . . Self-Inflicted Damage . | . . . . . . . . Shots . | . . . . . . . . Rammed 34 | 1 3 1 . 9 16 4 . Targets Rammed 42 | 1 3 1 . 10 22 5 . Kicked . | . . . . . . . . Crushed 8 | . . . . 1 6 1 . Highest Temperature 333 | 333 117 . 1 198 190 30 70 Average Temperature 68 | 92 33 . 1 92 54 18 22 Received Heat Transfer 1772 | . . . 99 216 603 . 854 Siege Activations 3 | . . . . . . . 3 Total Turns 148 | . . . . . . . 148 Longest Duration 116 | . . . . . . . 116 Robots Corrupted . | . . . . . . . . Combat Hostiles . | . . . . . . . . Parts Fried . | . . . . . . . . Impact Corruptions 1 | . . . . . 1 . . Robots Melted 2 | 1 1 . . . . . . Combat Hostiles . | . . . . . . . . Parts Melted 14 | 1 6 . . 3 2 . 2 Heat Transferred 7043 | 1295 703 . 725 1604 2368 111 237 Parts Sabotaged . | . . . . . . . . Parts Stolen . | . . . . . . . . Parts Stripped . | . . . . . . . . Power Chain Reactions . | . . . . . . . . Alert | -11 -10 -10 -10 -8 -8 -8 -8 ------- Run | Yrd Mat Min Sub Mat Sto Rec Scr Peak Influence 592 | 30 107 75 . 262 592 135 . Initial 110 | . 3 . . . 110 70 . Average 166 | 11 57 7 . 136 318 76 . Maximum Alert Level 2 | . . . . 1 2 . . Low Security (%) 68 | 100 100 100 . 86 26 100 . Level 1 18 | . . . . 13 40 . . Level 2 13 | . . . . . 32 . . Level 3 . | . . . . . . . . Level 4 . | . . . . . . . . Level 5 . | . . . . . . . . High Security . | . . . . . . . . Max Security . | . . . . . . . . Squads Dispatched 7 | . 1 . . 3 3 . . Investigation 1 | . . . . . 1 . . Extermination . | . . . . . . . . Reinforcement 5 | . 1 . . 3 1 . . Assault . | . . . . . . . . Garrison 1 | . . . . . 1 . . Intercept . | . . . . . . . . Searches Triggered . | . . . . . . . . Construction Impeded 1 | . . . . 1 . . . Haulers Reinforced . | . . . . . . . . Active Scanning Responses . | . . . . . . . . Cargo Convoy Interrupts . | . . . . . . . . Stealth | -11 -10 -10 -10 -8 -8 -8 -8 --------- Run | Yrd Mat Min Sub Mat Sto Rec Scr Distress Signals 9 | . 1 . . 1 7 . . Communications Jammed . | . . . . . . . . Distress Signals . | . . . . . . . . Times Spotted 134 | . 5 3 8 17 47 1 53 Peak Tracking Total 13 | . 3 3 2 4 6 1 13 Tactical Retreats 9 | . 1 . . 2 2 . 4 Traps | -11 -10 -10 -10 -8 -8 -8 -8 ------- Run | Yrd Mat Min Sub Mat Sto Rec Scr Traps Triggered 1 | . . . . . 1 . . Indirectly . | . . . . . . . . Trap Hack Attempts . | . . . . . . . . Triggered . | . . . . . . . . Disarmed . | . . . . . . . . Reprogrammed . | . . . . . . . . Reused . | . . . . . . . . Traps Extracted . | . . . . . . . . Installed . | . . . . . . . . Triggered . | . . . . . . . . Machines | -11 -10 -10 -10 -8 -8 -8 -8 ---------- Run | Yrd Mat Min Sub Mat Sto Rec Scr Machines Disabled 17 | . . . . 1 4 . 12 Max in Single Turn 2 | . . . . 1 1 . 2 Garrison Access 1 | . . . . . 1 . . Machines Repaired . | . . . . . . . . Machines Dismantled 2 | . . . . . 2 . . Machines Sabotaged . | . . . . . . . . Overloaded Fab Kills . | . . . . . . . . Hacking | -11 -10 -10 -10 -8 -8 -8 -8 --------- Run | Yrd Mat Min Sub Mat Sto Rec Scr Machines Accessed 21 | . 1 . . 1 12 4 3 Terminals 14 | . 1 . . 1 10 2 . Fabricators . | . . . . . . . . Repair Stations 1 | . . . . . 1 . . Recycling Units 2 | . . . . . . 2 . Scanalyzers . | . . . . . . . . Garrison Access 1 | . . . . . 1 . . Total Hacks 50 | . 3 . . 4 24 10 9 Successful 29 | . 1 . . 2 12 5 9 Failed 20 | . 1 . . 2 12 5 . Catastrophic 5 | . . . . . 4 1 . Database Lockouts 1 | . 1 . . . . . . Manual 23 | . 3 . . 4 6 10 . Terminals 35 | . 3 . . 4 20 8 . Fabricators . | . . . . . . . . Repair Stations 3 | . . . . . 3 . . Recycling Units 2 | . . . . . . 2 . Scanalyzers . | . . . . . . . . Garrison Access 1 | . . . . . 1 . . Terminal Hacks 19 | . 1 . . . 8 1 9 Record 3 | . . . . . . . 3 Robot Analysis 6 | . 1 . . . . . 5 Open Door 4 | . . . . . 4 . . Alert Level 1 | . . . . . 1 . . Unreport Threat 2 | . . . . . 2 . . Locate Traps 1 | . . . . . 1 . . Zone Layout 1 | . . . . . . 1 . Derelict Proto ID Bank 1 | . . . . . . . 1 Fabricator Hacks . | . . . . . . . . Repair Station Hacks 2 | . . . . . 2 . . Scan Component 1 | . . . . . 1 . . Repair 1 | . . . . . 1 . . Recycling Unit Hacks . | . . . . . . . . Scanalyzer . | . . . . . . . . Garrison Access Hacks 1 | . . . . . 1 . . Seal Access 1 | . . . . . 1 . . Unauthorized Hacks 7 | . . . . 2 1 4 . Terminals 5 | . . . . 2 1 2 . Botnet 2 | . . . . 1 1 . . Skim 3 | . . . . 1 . 2 . Fabricators . | . . . . . . . . Repair Stations . | . . . . . . . . Recycling Units 2 | . . . . . . 2 . Tunnel 2 | . . . . . . 2 . Scanalyzers . | . . . . . . . . Garrison Access . | . . . . . . . . Data Cores Recovered . | . . . . . . . . Used . | . . . . . . . . Hacking Detections 12 | . 1 . . 1 8 2 . Full Trace Events 2 | . . . . . 1 1 . Feedback Events . | . . . . . . . . Feedback Blocked . | . . . . . . . . Robot Schematics Acquired . | . . . . . . . . Robots Built . | . . . . . . . . Authchips . | . . . . . . . . Time . | . . . . . . . . Total Robot Build Rating . | . . . . . . . . Part Schematics Acquired . | . . . . . . . . Parts Built . | . . . . . . . . Authchips . | . . . . . . . . Time . | . . . . . . . . Total Part Build Rating . | . . . . . . . . Parts Repaired 1 | . . . . . 1 . . Time 32 | . . . . . 32 . . Parts Recycled . | . . . . . . . . Recycled Matter . | . . . . . . . . Retrieved Matter . | . . . . . . . . Retrieved Components . | . . . . . . . . Parts Scanalyzed . | . . . . . . . . Part Schematics Acquired . | . . . . . . . . Parts Damaged . | . . . . . . . . Bothacking | -11 -10 -10 -10 -8 -8 -8 -8 ------------ Run | Yrd Mat Min Sub Mat Sto Rec Scr Used RIF Installer . | . . . . . . . . Robots Hacked . | . . . . . . . . Non-combat . | . . . . . . . . Combat . | . . . . . . . . Robot Hacks Applied . | . . . . . . . . Relay Couplers Released . | . . . . . . . . Fabnet Peak Effective % . | . . . . . . . . Robots Rewired 7 | . . . . . . 7 . Allies Hacked . | . . . . . . . . Hacks Repelled . | . . . . . . . . Allies | -11 -10 -10 -10 -8 -8 -8 -8 -------- Run | Yrd Mat Min Sub Mat Sto Rec Scr Total Allies 18 | . . . . . 10 7 1 Largest Group 17 | . . . . . 10 17 17 Highest-Rated Group 333 | . . . . . 173 262 333 Highest-Rated Ally 81 | . . . . . 29 29 81 Total Orders 29 | . . . . . . 3 26 STAY 15 | . . . . . . 2 13 FOLLOW 14 | . . . . . . 1 13 Ally Attacks 187 | . . . . . . 15 172 Total Damage 4275 | . . . . . . 220 4055 Kills 42 | . . . . . . 3 39 Allies Corrupted . | . . . . . . . . Allies Melted . | . . . . . . . . Turrets Deployed 1 | . . . . . . . 1 Intel | -11 -10 -10 -10 -8 -8 -8 -8 ------- Run | Yrd Mat Min Sub Mat Sto Rec Scr Robot Analysis Total 6 | . 1 . . . . . 5 Derelict Logs Recovered 2 | . . 1 . . . . 1 Drone Launches . | . . . . . . . . Drone Recoveries . | . . . . . . . . Exploration | -11 -10 -10 -10 -8 -8 -8 -8 ------------- Run | Yrd Mat Min Sub Mat Sto Rec Scr Turns Passed 13718 | 524 503 757 1222 627 2515 1180 6390 Spaces Moved 5644 | 259 258 286 651 213 947 440 2590 Core 62 | 4 . . . . . . 58 Treads 5582 | 255 258 286 651 213 947 440 2532 Legs . | . . . . . . . . Wheels . | . . . . . . . . Hover . | . . . . . . . . Flight . | . . . . . . . . Fastest Speed 50 | 50 160 160 160 155 152 240 50 Average Speed 207 | 158 160 160 160 165 206 240 233 Slowest Speed 340 | 160 160 160 160 240 240 240 340 Overloaded Moves . | . . . . . . . . Propulsion Burnouts . | . . . . . . . . Robots Hopped . | . . . . . . . . Cave-ins Triggered . | . . . . . . . . Exploration Rate (%) 55 | 15 54 74 39 14 96 72 83 Regions Visited 7 Branch Regions 5 Pre-discovered Areas 3 | . . 1 . . . 2 . Known Exits Taken 1 | . . 1 . . . . . Unknown Exits Taken 6 | 1 1 . 1 1 1 1 . Scrap Searched 11 | . . 1 4 . . . 6 Spaces Dug 8 | . 5 . . . . . 3 Terrain Destroyed 61 | . 8 . . 1 1 . 51 Melee 3 | . . . . . . . 3 Projectile 58 | . 8 . . 1 1 . 48 AOE . | . . . . . . . . Terrain Rammed . | . . . . . . . . Walls Destroyed . | . . . . . . . . Machines Disabled . | . . . . . . . . Actions | -11 -10 -10 -10 -8 -8 -8 -8 --------- Run | Yrd Mat Min Sub Mat Sto Rec Scr Total 7035 | 311 308 569 756 357 1300 559 2875 Wait 656 | 6 17 269 45 27 111 61 120 Move 5637 | 258 257 285 650 212 946 439 2590 Hop . | . . . . . . . . Pick Up 92 | 8 6 1 5 5 31 8 28 Fast Attach 52 | 4 2 2 6 12 16 1 9 Attach 23 | 3 . . 2 4 3 1 10 Detach 10 | . . . 1 5 1 . 3 Swap 43 | . 4 . 2 6 23 2 6 Drop 114 | 1 4 3 7 11 42 9 37 Fire 308 | 30 15 8 38 65 86 1 65 Melee 8 | . . . . . 1 . 7 Ram . | . . . . . . . . Kick . | . . . . . . . . Crush 42 | 1 3 1 . 10 22 5 . Escape Stasis 2 | . . . . . 2 . . Rewire 32 | . . . . . . 32 . Trap . | . . . . . . . . Miscellaneous 16 | . . . . . 16 . . Route ------- -11/Scrapyard -10/Materials (discovered 3 exits: [*Mat] / [*Min x2]) -10/Mines (discovered 3 exits: [*Mat x2] / *Sub) -10/Subcaves -8/Materials -8/Storage -8/Recycling (discovered 2 exits: [*Fac] / *Scr) -8/Scraptown (discovered 1 exit: [*Fac]) History --------- Turn | Location | Event 11 | -11/Scrapyard | Discovered new exit (range 14) 525 | -11/Scrapyard | Entered Materials 526 | -10/Materials | Build established: Mutant 748 | -10/Materials | Discovered new exit (range 14) 778 | -10/Materials | Central database locked down 802 | -10/Materials | Discovered new exit (range 3) 943 | -10/Materials | Discovered new exit (range 5) 1028 | -10/Materials | Entered Mines 1284 | -10/Mines | Discovered new exit (range 8) 1285 | -10/Mines | Learned location of Storage (-8) 1425 | -10/Mines | Discovered new exit (range 8) 1543 | -10/Mines | Found a damaged Exp. Sensor Array with a note attached 1550 | -10/Mines | Found Prototype Device 1550 | -10/Mines | Identified Exp. Sensor Array 1587 | -10/Mines | Identified exit to Subcaves 1785 | -10/Mines | Entered Subcaves 2057 | -10/Subcaves | Shifting Twisted Machinery released Sub. Shrapnel Launcher 2321 | -10/Subcaves | Disturbed a concealed Subdweller 2629 | -10/Subcaves | Core integrity fell below 50% 2886 | -10/Subcaves | Lost 3 parts (1p2n) 2948 | -10/Subcaves | Discovered new exit (range 4) 3007 | -10/Subcaves | Entered Materials 3007 | -8/Materials | Evolved 4 slots: Propulsion x1, Utility x2, Weapon x1 3055 | -8/Materials | Discovered new exit (range 16) 3587 | -8/Materials | Build established: Scavenger-Gunner 3634 | -8/Materials | Entered Storage 3694 | -8/Storage | Repaired Hvy. Assault Rifle 4139 | -8/Storage | Build established: Scavenger-Tank 4158 | -8/Storage | Garrison activated, responded to threat 5473 | -8/Storage | Build established: Tank 5911 | -8/Storage | Assisted by bots powering up and referring to "LRC-V3" 6124 | -8/Storage | Used back door to open Recycling access 6124 | -8/Storage | Discovered new exit (range 3) 6149 | -8/Storage | Entered Recycling 6149 | -8/Recycling | Accompanied by 10 allies 6198 | -8/Recycling | Build established: Commander-Tank 6721 | -8/Recycling | Discovered new exit (range 13) 7214 | -8/Recycling | Scanned before Scraplab entrance 7247 | -8/Recycling | Entered Scraplab 7266 | -8/Recycling | Discovered new exit (range 2) 7329 | -8/Recycling | Entered Scraptown 7329 | -8/Scraptown | Accompanied by 16 allies 7674 | -8/Scraptown | Visited UFD Registry 7674 | -8/Scraptown | Registered with UFD as "Fluxmech" 7707 | -8/Scraptown | Visited Cyclists 7724 | -8/Scraptown | Entered Cyclist Reading Room 7763 | -8/Scraptown | Visited Observation Area 7784 | -8/Scraptown | Visited Cave Peace 7808 | -8/Scraptown | Visited Junk Repository 7971 | -8/Scraptown | Scanned Subdweller tech in exchange for log data 7979 | -8/Scraptown | Learned Factory security intel 8088 | -8/Scraptown | Visited CPS Storage 8105 | -8/Scraptown | Visited Awakened 8248 | -8/Scraptown | Visited Science Guys 8333 | -8/Scraptown | Visited Analyses Database 8397 | -8/Scraptown | Visited DA-N13 Charitable Foundation 8423 | -8/Scraptown | Found DCF Scrap (27 items) 8486 | -8/Scraptown | Visited Cartography Club 8588 | -8/Scraptown | Visited Derelict Rescue Squad 8622 | -8/Scraptown | Visited Research Penetration Think Tank 8675 | -8/Scraptown | Visited Botcube Research 8788 | -8/Scraptown | Visited LU-1G1's Boring Crew 8825 | -8/Scraptown | Visited Curators Association 8864 | -8/Scraptown | Visited Chapter 10 9482 | -8/Scraptown | Found Lrg. Botcube 11213 | -8/Scraptown | Discovered new exit (range 13) 12256 | -8/Scraptown | Lrg. Botcube activated 12292 | -8/Scraptown | Lrg. Botcube completed mutation into treaded form, armed with 4 guns. 13389 | -8/Scraptown | Attacked by Scraptown defenders 13391 | -8/Scraptown | Allies destroyed Triborg 13410 | -8/Scraptown | Found Tri-treads 13429 | -8/Scraptown | Found Prototype Ballistic Cannon 13429 | -8/Scraptown | Identified Siege Cannon 13519 | -8/Scraptown | Destroyed 10 combat bots 13533 | -8/Scraptown | Lost 7 allies 13576 | -8/Scraptown | Destroyed 7 combat bots 13642 | -8/Scraptown | Found Tri-treads 13645 | -8/Scraptown | Core integrity fell below 50% 13668 | -8/Scraptown | Released all parts (5) 13672 | -8/Scraptown | Core integrity fell below 20% 13695 | -8/Scraptown | DAS Turret deployed 13696 | -8/Scraptown | Lost 6 parts (1p2n2u1w) 13719 | -8/Scraptown | Destroyed by CD-LDL(g) with Salvaging Laser Last Messages --------------- 13702_ DQ-XW1(p) suffers critical hit (Destroy). 13702_ DQ-XW1(p) destroyed. 13703_ Bolt penetrates DAS Turret. 13703_ Bolt penetrates Enclosure. 13704_ QS-BOW(E): "We are one!" 13705_ Q9-ORS(p) destroyed. 13706_ Bolt penetrates Enclosure. 13706_ Bolt penetrates DAS Turret. 13706_ RP-CJ2(h) destroyed. 13710_ HV Slug penetrates DAS Turret. 13710_ HV Slug penetrates Wall. 13710_ HV Slug penetrates DAS Turret. 13710_ DAS Turret suffers critical hit (Destroy). 13712_ Aluminum Leg destroyed. 13713_ HV Slug penetrates DAS Turret. 13713_ HV Slug penetrates Wall. 13713_ HV Slug penetrates DAS Turret. 13713_ 08-OGS(E) suffers critical hit (Destroy). 13713_ 08-OGS(E) destroyed. 13714_ Machine disabled. Map ----- +----------------------------------------------------+ | =""#######"!%[* "" ? | | ###???###"![=! " "" ??? | | #######!%=%!%% "# " " ???####### #"" | | ![%!%!!%! # "" "" ?????????###"" | | ![ [=%[=!! ""# "" "" ???????????#"" | | * =![= =!*=*!= ""# ????????????#"" | | %[ *%=[ ![= % "# ?????????????#"" | | !*[[[% !%= ! """### ################"" | | !![!!%[%[% %[!!"""""""""""""""""""""""""" | | !% [!%%%!* !%! """""""""""""""""""""""""" | | =*%% !=% !=![%=% | | = * [=%%!==!= | | %! % *!=!*[[ % | | !% #""""#" [%!%=!= | | #????#"= [ =!* | | #????#""""""!" """" " """"""""""" """""" | | ####????#######=#########;# ########### ###### | | #?????????# ! #" % "#??? ???# | | #?????????### "##"" *![ ""##??# #??# | | #??????????# ""##!"=!%=%"]#???# #??# | | #??????????# """"##"" E!!!""##??# #??# | | #??????????# " ""#" E !%!%="#??#######??# | | #??????????#t """"##"" h=!""##???????????? | | #??????????#u ""##!" !%"[#????????????? | | #??????????#k ""##"" ![""##???????????? | | #??????????## " ;@ g "#???????????? | | #???????????"""""""""###; "t ####????????????? | | #???????????########??#!#"### ; #?????????????? | | #?????????????????????#####?#####?????????????? | | #?????????????????????????????????????????????? | | #?????????????????????????????????????????????? | | #?????????????????????????????????????????????? | | #?????????????????????????????????????????????? | | #?????????????????????????????????????????????? | | #?????????????????????????????????????????????? | | #?????????????????????????????????????????????? | | #?????????????????????????????????????????????? | | #?????????????????????????????????????????????? | | #?????????????????????????????????????????????? | | #?????????????????????????????????????????????? | | #?????????????????????????????????????????????? | | #?????????????????????????????????????????????? | | #?????????????????????????????????????????????? | | #?????????????????????????????????????????????? | | #?????????????????????????????????????????????? | | ####?????????????????????????????????????????????? | | ?????????????????????????????????????????????????? | | ?????????????????????????????????????????????????? | | ?????????????????????????????????????????????????? | | ?????????????????????????????????????????????????? | +----------------------------------------------------+ Best States ------------- Heat Dissipation 75 Coolant Potential 50 Energy Generation 15 Energy Capacity 280 Matter Stores 300 Matter Capacity 300 Sight Range 21 Terrain Scan Density 10 Armor Coverage 800 Evasion (%) 50 Recoil Reduction 3 Offensive Hacking 10 Authchip Count 2 Item Schematics ----------------- None Robot Schematics ------------------ None Fabricated ------------ Nothing Alien Tech Used ----------------- None Achievements -------------- None Challenges ------------ None Game ------ Seed WaveFactoryBox Manual? 0 Play Time 01:02:03 Cumulative 787.9 hours Start 2024.08.25 @ 12:26:21 End 2024.08.25 @ 14:18:50 Sessions 1 Manual Loads 0 Difficulty Rogue Special Mode None Game No. 778 Rogue 778 Adventurer 0 Explorer 0 Win Type - Total 39 Types 14/4/11/2/0/0/5/2/1 Lore% 94 Gallery% 91 Achievement% 84 Wizard Run 0 Options --------- Layout 0 ASCII 0 Keyboard 0 Movement Numpad Keybinds 0 Fullscreen 1 Font 18/Smallcaps Map View 76x50 Zoom Use 0% Tactical HUD 1 Map Filters NONE Filters NONE Steam 1 RUN: 3cbc52ec-c128-483d-a6ac-5d54226ca735